 Dungeon Crawl Stone Soup version 0.29-a0-330-g52719c12eb (webtiles) character file.

Game seed: 2885269492421498284

6 Iscandelvey the Vexing (level 1, -1/15 HPs)
             Began as a Demonspawn Arcane Marksman on Apr 23, 2022.
             Slain by a jackal (3 damage)
             ... on level 1 of the Dungeon.
             The game lasted 00:00:41 (176 turns).

Iscandelvey the Vexing (Demonspawn Arcane Marksman)  Turns: 176, Time: 00:00:41

Health: -1/15      AC:  2    Str: 10    XL:     1   Next: 75%
Magic:  1/2        EV: 12    Int: 14    God:
Gold:   0          SH:  0    Dex: 13    Spells: 1/2 levels left

rFire   . . .      SeeInvis .   a - +0 hunting sling
rCold   . . .      Faith    .   (no shield)
rNeg    . . .      Spirit   .   b - +0 robe
rPois   .          Reflect  .   (no helmet)
rElec   .          Harm     .   (no cloak)
rCorr   .          Rampage  .   (no gloves)
Will    .....                   (no boots)
Stlth   +.........              (no amulet)
HPRegen 0.05/turn               (no ring)
MPRegen 0.08/turn               (no ring)

@: no status effects
A: no striking features
a: no special abilities


You were on level 1 of the Dungeon.
You visited 1 branch of the dungeon, and saw 1 of its levels.

Inventory:

Hand Weapons
 a - a +0 hunting sling (weapon)
Armour
 b - a +0 robe (worn)
Scrolls
 c - a scroll of vulnerability


   Skills:
 + Level 1.1 Fighting
 + Level 1.9 Slings
 + Level 1.9 Dodging
 + Level 1.1 Spellcasting
 + Level 3.0 Hexes


You had one spell level left.
You knew the following spells:

 Your Spells              Type           Power      Damage    Failure   Level
a - Slow                  Hex            36%        N/A       8%          1

Your spell library contained the following spells:

 Spells                   Type           Power      Damage    Failure   Level
 Inner Flame              Hex/Fire       5%         N/A       38%         3
 Portal Projectile        Hex/Tloc       10%        N/A       38%         3
 Cause Fear               Hex            4%         N/A       58%         4


Dungeon Overview and Level Annotations

Branches:
Dungeon (1/15)

Altars:


Message History

You shoot a sling bullet. The sling bullet hits the jackal.
You kill the jackal!
The goblin hits you with a +0 dagger.
You shoot a sling bullet.
The sling bullet closely misses the goblin.
The goblin hits you with a +0 dagger. The goblin attacks as you move away!
The goblin hits you with a +0 dagger.
* * * LOW HITPOINT WARNING * * *
Aiming: Slow (safe; 8% risk of failure)
Press: ? - help, Q - select action, (/) - cycle Shift-Dir - straight line, f/p - goblin
Aim: a goblin, wielding a +0 dagger (chance to affect: 64%)
The goblin seems to slow down.
The goblin hits you with a +0 dagger.
* * * LOW HITPOINT WARNING * * *
Fire: a) +0 hunting sling
Press: ? - help, Q - select action, (/) - cycle Shift-Dir - straight line, f/p - goblin
Aim: a goblin, wielding a +0 dagger (slow, 43% to hit)
You shoot a sling bullet. The sling bullet hits the goblin!
You kill the goblin!
Casting: Slow (safe; 8% risk of failure)
Confirm with . or Enter, or press ? or * to list all spells.
Aiming: Slow (safe; 8% risk of failure)
Press: ? - help, Shift-Dir - straight line, f - jackal
Aim: a jackal (chance to affect: 64%)
The jackal seems to slow down.
Fire: a) +0 hunting sling
Press: ? - help, Q - select action, (/) - cycle Shift-Dir - straight line, f/p - jackal
Aim: a jackal (slow, 43% to hit)
You shoot a sling bullet.
The sling bullet barely misses the jackal.
The sling bullet barely misses the hobgoblin.
Fire: a) +0 hunting sling
Press: ? - help, Q - select action, (/) - cycle Shift-Dir - straight line, f/p - jackal
Aim: a jackal (slow, 43% to hit)
You shoot a sling bullet. The sling bullet hits the jackal.
The jackal is almost dead.
The jackal completely misses you.
An endoplasm comes into view.
The jackal attacks as you move away! The jackal bites you.
You die...

##...#.#.....♣...
###........8....
#.##..<.......
#)###.........
#.###.........
#.##..........
#g##.####.####
#h##.# .# #@##.#
# .J......##.#
............
.###########


You could see an endoplasm (asleep), a jackal (slow) and a hobgoblin.

Vanquished Creatures
  A goblin (D:1)
  3 jackals (D:1)
  A ball python (D:1)
5 creatures vanquished.

Notes
Turn   | Place    | Note
-------+----------+-------------------------------------------
     0 | D:1      | Iscandelvey the Demonspawn Arcane Marksman began the quest
                  | for the Orb.
     0 | D:1      | Reached XP level 1. HP: 15/15 MP: 2/2
   176 | D:1      | Slain by a jackal

Illustrated notes

Levels and vault maps discovered:
D:1:      wander_arrival_peaceful_grave, layout_loops_ring,
          hellmonk_ecumenical_altar_dog_temple

Action                   || total
-------------------------++-------
 Fire: Hunting sling     ||    36
 Cast: Slow              ||     2
Armor: Robe              ||    12
Dodge: Dodged            ||    33

Table legend: (Time is in decaauts)
 A = Elapsed time spent in this place.
 B = Non-inter-level travel time spent in this place.
 C = Inter-level travel time spent in this place.
 D = Time resting spent in this place.
 E = Time spent auto-exploring this place.
 F = Levels seen in this place.
 G = Mean time per level.
                   A        B        C        D        E       F      G
               +--------+--------+--------+--------+--------+-----+--------+
         Total |    191 |    191 |      0 |      0 |    119 |   1 |  191.0 |
       Dungeon |    191 |    191 |      0 |      0 |    119 |   1 |  191.0 |
               +--------+--------+--------+--------+--------+-----+--------+

Top non-repeatable levels by time:
     D:1: 191 daAuts
